MLB
LAS VEGAS HUSTLE @ CHICAGO CUBS
06/26/2098
 
TOP OF THE 1ST
Las Vegas Hustle batting - Pitching for Chicago Cubs : LHP John Ross
Pitching: LHP John Ross
Batting: RHB Rick Roberds 0-0: Swinging Strike
0-1: Foul Ball, location: 9LSF
0-2: Strikes out looking
Batting: LHB Steve Lawler 0-0: Foul Ball, location: 2F
0-1: Swinging Strike
0-2: Ball
1-2: Fly out, F8 (Line Drive, 8LD, EV 96.3 MPH)
Batting: RHB John Conway 0-0: Ball
1-0: Foul Ball, location: 5F
1-1: Ball
2-1: Ball
3-1: SINGLE (Line Drive, 8RS, EV 107.5 MPH)
Batting: RHB Tony Ledezma 0-0: Ball
1-0: Ball
2-0: Ball
3-0: Called Strike
3-1: Foul Ball, location: 7LSF
3-2: Foul Ball, location: 5FF
3-2: Strikes out looking
Top of the 1st over - 0 runs, 1 hit, 0 errors, 1 left on base; Las Vegas 0 - Chicago 0
BOTTOM OF THE 1ST
Chicago Cubs batting - Pitching for Las Vegas Hustle : LHP Mike Stauch
Pitching: LHP Mike Stauch
Batting: RHB Yoelbi Eugnio 0-0: Ball
1-0: Fly out, F3 (Popup, 3SF, EV 70.0 MPH)
Batting: RHB Kevin Luzzo 0-0: Called Strike
0-1: Ground out 5-3 (Groundball, 5, EV 86.3 MPH)
Batting: LHB Elijah Fairchild 0-0: Called Strike
0-1: Foul Ball, location: 5FF
0-2: Strikes out swinging
Bottom of the 1st over - 0 runs, 0 hits, 0 errors, 0 left on base; Las Vegas 0 - Chicago 0
TOP OF THE 2ND
Las Vegas Hustle batting - Pitching for Chicago Cubs : LHP John Ross
Batting: LHB Yazid Deacon 0-0: Ball
1-0: Swinging Strike
1-1: Ball
2-1: Ground out U3 (Groundball, 3L, EV 93.8 MPH)
Batting: RHB Clint Hurley 0-0: Foul Ball, location: 23F
0-1: Called Strike
0-2: Ball
1-2: Fly out, F7 (Line Drive, 78M, EV 101.3 MPH)
Batting: SHB Josh Osborne 0-0: Ball
1-0: Ball
2-0: Ball
3-0: Called Strike
3-1: Fly out, F5 (Popup, 25F, EV 83.8 MPH)
Top of the 2nd over - 0 runs, 0 hits, 0 errors, 0 left on base; Las Vegas 0 - Chicago 0
BOTTOM OF THE 2ND
Chicago Cubs batting - Pitching for Las Vegas Hustle : LHP Mike Stauch
Batting: RHB Jaylin Tillman 0-0: Ball
1-0: Foul Ball, location: 2LF
1-1: Foul Ball, location: 9LDF
1-2: Strikes out swinging, 2-3 out at first.
Batting: RHB Amir Shaw 0-0: Fly out, F7 (Flyball, 7LS, EV 88.8 MPH)
Batting: RHB Dave Conley 0-0: Ball
1-0: Swinging Strike
1-1: Ball
2-1: Ball
3-1: Base on Balls
Batting: RHB Nick Love 0-0: Foul Ball, location: 3F
0-1: Reached on error, E1 (Groundball, P, EV 71.9 MPH)
Dave Conley to third
Batting: LHB Israel Perez 0-0: Called Strike
0-1: Swinging Strike
0-2: Strikes out swinging
Bottom of the 2nd over - 0 runs, 0 hits, 1 error, 2 left on base; Las Vegas 0 - Chicago 0
TOP OF THE 3RD
Las Vegas Hustle batting - Pitching for Chicago Cubs : LHP John Ross
Batting: SHB Jose Espinoza 0-0: Ball
1-0: Called Strike
1-1: Called Strike
1-2: Strikes out swinging
Batting: RHB Anton Ortega 0-0: Ball
1-0: Ball
2-0: SINGLE (Line Drive, 7S, EV 106.9 MPH)
Batting: RHB Rick Roberds 0-0: Ball
1-0: Called Strike
1-1: Called Strike
1-2: Ball
2-2: Ball
3-2: Strikes out swinging
Batting: LHB Steve Lawler 0-0: Ball
1-0: Foul Ball, location: 23FF
1-1: SINGLE (Line Drive, 6M, EV 94.4 MPH)
Anton Ortega to second
Runner from 2nd tries for 3rd, SAFE, throw by CF made to third
Batting: RHB John Conway 0-0: Foul Ball, location: 9LMF
0-1: Called Strike
0-2: Ball
Wild Pitch!
Anton Ortega scores
Steve Lawler to second
1-2: Ball
2-2: Strikes out swinging
Top of the 3rd over - 1 run, 2 hits, 0 errors, 1 left on base; Las Vegas 1 - Chicago 0
BOTTOM OF THE 3RD
Chicago Cubs batting - Pitching for Las Vegas Hustle : LHP Mike Stauch
Batting: RHB Devin Williams 0-0: Ball
1-0: Ball
2-0: Foul Ball, location: 2F
2-1: Ground out 4-3 (Groundball, 4, EV 96.9 MPH)
Batting: RHB Yoelbi Eugnio 0-0: Called Strike
0-1: SINGLE (Line Drive, 7S, EV 106.9 MPH)
Batting: RHB Kevin Luzzo 0-0: Ball
1-0: Ball
2-0: Ball
3-0: Base on Balls
Yoelbi Eugnio to second
Batting: LHB Elijah Fairchild 0-0: Ball
1-0: Swinging Strike
1-1: Swinging Strike
1-2: Ball
2-2: Foul Ball, location: 2F
2-2: Foul Ball, location: 25F
2-2: Foul Ball, location: 2F
2-2: Strikes out swinging
Batting: RHB Jaylin Tillman 0-0: Ball
1-0: Ball
2-0: Ball
3-0: Base on Balls
Yoelbi Eugnio to third
Kevin Luzzo to second
Batting: RHB Amir Shaw 0-0: Called Strike
0-1: Ball
1-1: Fly out, F8 (Line Drive, 8LD, EV 97.5 MPH)
Bottom of the 3rd over - 0 runs, 1 hit, 0 errors, 3 left on base; Las Vegas 1 - Chicago 0
TOP OF THE 4TH
Las Vegas Hustle batting - Pitching for Chicago Cubs : LHP John Ross
Batting: RHB Tony Ledezma 0-0: Swinging Strike
0-1: Called Strike
0-2: Ball
1-2: Ball
2-2: SINGLE (Line Drive, 89S, EV 104.4 MPH)
Batting: LHB Yazid Deacon 0-0: Ball
1-0: SINGLE (Groundball, 6, EV 81.9 MPH)
Tony Ledezma to second
Batting: RHB Clint Hurley 0-0: Ball
1-0: Ball
2-0: Ball
3-0: Called Strike
3-1: Grounds into double play, 6-4-3 (Groundball, 6, EV 105.6 MPH)
Tony Ledezma to third
Batting: SHB Josh Osborne 0-0: Foul Ball, location: 3SF
0-1: SINGLE (Line Drive, 5D, EV 101.9 MPH)
Tony Ledezma scores
Batting: SHB Jose Espinoza 0-0: Ball
1-0: Ball
2-0: Foul Ball, location: 9LMF
2-1: Fielders Choice at 2nd, 6-4 (Groundball, 6, EV 101.9 MPH)
Top of the 4th over - 1 run, 3 hits, 0 errors, 1 left on base; Las Vegas 2 - Chicago 0
BOTTOM OF THE 4TH
Chicago Cubs batting - Pitching for Las Vegas Hustle : LHP Mike Stauch
Batting: RHB Dave Conley 0-0: Called Strike
0-1: Ball
1-1: Ball
2-1: Ball
3-1: Base on Balls
Batting: RHB Nick Love 0-0: Ball
1-0: Swinging Strike
1-1: Fly out, F7 (Flyball, 7D, EV 82.5 MPH)
Batting: LHB Israel Perez 0-0: Foul Ball, location: 5F
0-1: Fielders Choice at 2nd, 3-6 (Groundball, 23, EV 81.9 MPH)
Batting: RHB Devin Williams 0-0: Foul Ball, location: 2F
0-1: Ball
1-1: Fly out, F7 (Line Drive, 7S, EV 98.1 MPH)
Bottom of the 4th over - 0 runs, 0 hits, 0 errors, 1 left on base; Las Vegas 2 - Chicago 0
TOP OF THE 5TH
Las Vegas Hustle batting - Pitching for Chicago Cubs : LHP John Ross
Batting: RHB Anton Ortega 0-0: Ball
1-0: Called Strike
1-1: SINGLE (Groundball, 6MD, EV 95.6 MPH)
Batting: RHB Rick Roberds 0-0: Fielders Choice at 2nd, 3-6 (Groundball, 3, EV 78.1 MPH)
Batting: LHB Steve Lawler 0-0: Called Strike
0-1: Fly out, F8 (Flyball, 8LS, EV 99.4 MPH)
Batting: RHB John Conway 0-0: Called Strike
0-1: Called Strike
Rick Roberds steals 2nd base
0-2: Ball
1-2: Foul Ball, location: 7LMF
1-2: Ball
2-2: SINGLE (Groundball, 6D, EV 98.8 MPH)
Rick Roberds to third
Runner from 3rd tries for Home, throw by CF and OUT! 8-2
Top of the 5th over - 0 runs, 2 hits, 0 errors, 1 left on base; Las Vegas 2 - Chicago 0
BOTTOM OF THE 5TH
Chicago Cubs batting - Pitching for Las Vegas Hustle : LHP Mike Stauch
Batting: RHB Yoelbi Eugnio 0-0: Ball
1-0: Called Strike
1-1: Ball
2-1: Ball
3-1: Base on Balls
Batting: RHB Kevin Luzzo 0-0: Called Strike
0-1: Ball
1-1: Called Strike
1-2: DOUBLE (Line Drive, 78M, EV 102.5 MPH)
Yoelbi Eugnio to third
Batting: LHB Elijah Fairchild 0-0: Called Strike
0-1: Foul Ball, location: 7LDF
0-2: Ball
1-2: Ball
2-2: Strikes out swinging
Batting: RHB Jaylin Tillman 0-0: Ball
1-0: Ball
2-0: Ball
3-0: Base on Balls
Batting: RHB Amir Shaw 0-0: Ball
1-0: Called Strike
1-1: Fly out, F7 (Flyball, 7D, EV 101.9 MPH)
Runner from 3rd tags up, SCORES, no throw by LF
Kevin Luzzo to third
Batting: RHB Dave Conley 0-0: Ball
1-0: Foul Ball, location: 9LDF
1-1: Called Strike
1-2: Foul Ball, location: 2RF
1-2: Ball
2-2: Foul Ball, location: 3F
2-2: Ball
3-2: Base on Balls
Jaylin Tillman to second
Batting: RHB Nick Love 0-0: Called Strike
0-1: Ball
1-1: Ball
2-1: SINGLE (Flyball, 8RS, EV 91.3 MPH)
Kevin Luzzo scores
Jaylin Tillman to third
Dave Conley to second
Runner from 3rd tries for Home, SAFE, throw by CF to home
Batting: LHB Israel Perez 0-0: Called Strike
0-1: Foul Ball, location: 2F
0-2: Ball
1-2: Ball
2-2: Strikes out swinging
Bottom of the 5th over - 3 runs, 2 hits, 0 errors, 2 left on base; Las Vegas 2 - Chicago 3
TOP OF THE 6TH
Las Vegas Hustle batting - Pitching for Chicago Cubs : LHP John Ross
Batting: RHB Tony Ledezma 0-0: Called Strike
0-1: Ground out 6-3 (Groundball, 6, EV 91.3 MPH)
Batting: LHB Yazid Deacon 0-0: Ground out U3 (Groundball, 34, EV 102.5 MPH)
Batting: RHB Clint Hurley 0-0: Swinging Strike
0-1: Ball
1-1: Foul Ball, location: 9LDF
1-2: Ball
2-2: Ball
3-2: Base on Balls
Batting: SHB Josh Osborne 0-0: Swinging Strike
0-1: Ball
1-1: Foul Ball, location: 3F
1-2: Foul Ball, location: 7LMF
1-2: Foul Ball, location: 2F
1-2: Reached on error, E6 (Groundball, 56, EV 103.8 MPH)
Clint Hurley to second
Batting: SHB Jose Espinoza 0-0: Ball
1-0: Ball
2-0: Fly out, F4 (Popup, 4M, EV 73.1 MPH)
Top of the 6th over - 0 runs, 0 hits, 1 error, 2 left on base; Las Vegas 2 - Chicago 3
BOTTOM OF THE 6TH
Chicago Cubs batting - Pitching for Las Vegas Hustle : LHP Mike Stauch
Pitching: RHP Jerry Perez
Batting: RHB Devin Williams 0-0: Ball
1-0: Swinging Strike
1-1: Ball
2-1: Foul Ball, location: 9LSFF
2-2: Foul Ball, location: 3SF
2-2: Foul Ball, location: 2F
2-2: Foul Ball, location: 2F
2-2: Foul Ball, location: 7LDF
2-2: Ball
3-2: Base on Balls
Batting: RHB Yoelbi Eugnio 0-0: Ball
1-0: Ball
2-0: Foul Ball, location: 7LDF
2-1: Foul Ball, location: 3F
2-2: Ball
3-2: Fly out, F8 (Flyball, 8RM, EV 97.5 MPH)
Batting: RHB Kevin Luzzo 0-0: Ball
1-0: Ball
2-0: Ball
3-0: Base on Balls
Devin Williams to second
Batting: LHB Elijah Fairchild 0-0: Called Strike
0-1: Foul Ball, location: 2F
0-2: Ball
1-2: Ball
2-2: Fielders Choice at 2nd, 4-6 (Groundball, 4, EV 87.5 MPH)
Devin Williams to third
Batting: RHB Jaylin Tillman 0-0: Foul Ball, location: 2F
0-1: Foul Ball, location: 2F
0-2: Ball
1-2: Foul Ball, location: 2F
1-2: Foul Ball, location: 2F
1-2: Ball
2-2: DOUBLE (Flyball, 7LD, EV 111.9 MPH)
Devin Williams scores
Elijah Fairchild to third
Runner from 3rd tries for Home, SAFE, no throw by LF
Pitching: RHP Scott Dwyer
Batting: RHB Amir Shaw 0-0: Ball
1-0: Called Strike
1-1: Ground out 6-3 (Groundball, 6, EV 87.5 MPH)
Bottom of the 6th over - 2 runs, 1 hit, 0 errors, 1 left on base; Las Vegas 2 - Chicago 5
TOP OF THE 7TH
Las Vegas Hustle batting - Pitching for Chicago Cubs : LHP John Ross
Pitching: RHP Ryan Ahlstrom
Batting: RHB Anton Ortega 0-0: Called Strike
0-1: Ball
1-1: Foul Ball, location: 23FF
1-2: Reached on error, E6 (Groundball, 6, EV 86.3 MPH)
Batting: RHB Rick Roberds 0-0: Called Strike
0-1: Ball
1-1: Swinging Strike
1-2: Strikes out swinging
Batting: LHB Steve Lawler 0-0: Called Strike
0-1: Swinging Strike
0-2: Ball
1-2: Ball
Wild Pitch!
Anton Ortega to second
2-2: Fly out, F8 (Flyball, 89M, EV 93.8 MPH)
Batting: RHB John Conway 0-0: Foul Ball, location: 9LMF
0-1: Swinging Strike
0-2: Foul Ball, location: 2F
0-2: Foul Ball, location: 3SF
0-2: Ball
1-2: Strikes out swinging
Top of the 7th over - 0 runs, 0 hits, 1 error, 1 left on base; Las Vegas 2 - Chicago 5
BOTTOM OF THE 7TH
Chicago Cubs batting - Pitching for Las Vegas Hustle : RHP Scott Dwyer
Batting: RHB Dave Conley 0-0: Foul Ball, location: 9LSF
0-1: Swinging Strike
0-2: Ball
1-2: Foul Ball, location: 2F
1-2: Ball
2-2: Strikes out swinging
Batting: RHB Nick Love 0-0: Called Strike
0-1: Foul Ball, location: 2F
0-2: Strikes out looking
Batting: LHB Israel Perez 0-0: Foul Ball, location: 2F
0-1: Ball
1-1: Ball
2-1: Called Strike
2-2: Foul Ball, location: 3F
2-2: Ball
3-2: Base on Balls
Batting: RHB Devin Williams 0-0: Called Strike
0-1: Ball
1-1: Swinging Strike
1-2: Foul Ball, location: 2F
1-2: Ball
2-2: Strikes out swinging
Bottom of the 7th over - 0 runs, 0 hits, 0 errors, 1 left on base; Las Vegas 2 - Chicago 5
TOP OF THE 8TH
Las Vegas Hustle batting - Pitching for Chicago Cubs : RHP Ryan Ahlstrom
Now in LF: Devin Williams
Now in CF: Armando Valenzuela
Batting: RHB Tony Ledezma 0-0: Ball
1-0: Called Strike
1-1: Swinging Strike
1-2: Foul Ball, location: 2F
1-2: Strikes out swinging
Pitching: LHP Tim Linden
Pinch Hitting: RHB Norge Carlos Hernandez 0-0: Ball
1-0: Ball
2-0: Ball
3-0: Called Strike
3-1: Called Strike
3-2: Fly out, F8 (Flyball, 8RD, EV 82.5 MPH)
Batting: RHB Clint Hurley 0-0: Ball
1-0: Called Strike
1-1: DOUBLE (Line Drive, 8RXD, EV 101.9 MPH)
Batting: SHB Josh Osborne 0-0: Ball
1-0: Swinging Strike
1-1: Foul Ball, location: 5FF
1-2: Foul Ball, location: 2RF
1-2: Strikes out swinging
Top of the 8th over - 0 runs, 1 hit, 0 errors, 1 left on base; Las Vegas 2 - Chicago 5
BOTTOM OF THE 8TH
Chicago Cubs batting - Pitching for Las Vegas Hustle : RHP Scott Dwyer
Pitching: RHP Javy Jacome
Now in RF: Norge Carlos Hernandez
Batting: RHB Yoelbi Eugnio 0-0: Ball
1-0: Ball
2-0: Foul Ball, location: 9LMF
2-1: Swinging Strike
2-2: Foul Ball, location: 2F
2-2: Ball
3-2: Fly out, F8 (Flyball, 8RM, EV 91.9 MPH)
Batting: RHB Kevin Luzzo 0-0: Ball
1-0: Ball
2-0: Ground out 1-3 (Groundball, 15S, EV 65.6 MPH)
Batting: RHB Armando Valenzuela 0-0: Ball
1-0: Swinging Strike
1-1: Ball
2-1: Swinging Strike
2-2: Ball
3-2: Foul Ball, location: 2F
3-2: Base on Balls
Batting: RHB Jaylin Tillman 0-0: Called Strike
0-1: Ball
1-1: Foul Ball, location: 3DF
1-2: Strikes out swinging
Bottom of the 8th over - 0 runs, 0 hits, 0 errors, 1 left on base; Las Vegas 2 - Chicago 5
TOP OF THE 9TH
Las Vegas Hustle batting - Pitching for Chicago Cubs : LHP Tim Linden
Pitching: LHP Mario Gomez
Batting: SHB Jose Espinoza 0-0: Called Strike
0-1: Fly out, F7 (Flyball, 7D, EV 91.9 MPH)
Batting: RHB Anton Ortega 0-0: DOUBLE (Line Drive, 89D, EV 103.8 MPH)
Batting: RHB Rick Roberds 0-0: Called Strike
0-1: Ball
1-1: SINGLE (Groundball, 4, EV 107.5 MPH)
Anton Ortega to third
Batting: LHB Steve Lawler 0-0: Called Strike
0-1: Called Strike
0-2: Ball
1-2: Foul Ball, location: 2F
1-2: Foul Ball, location: 2F
1-2: Foul Ball, location: 2F
1-2: Ball
Wild Pitch!
Anton Ortega scores
Rick Roberds to second
2-2: Strikes out swinging
Batting: RHB John Conway 0-0: Ball
1-0: Ball
2-0: Ball
3-0: Base on Balls
Batting: RHB Tony Ledezma 0-0: Ball
1-0: Ball
2-0: Ball
3-0: Base on Balls
Rick Roberds to third
John Conway to second
Batting: RHB Norge Carlos Hernandez 0-0: Ball
1-0: Called Strike
1-1: Called Strike
1-2: Ball
2-2: Ball
3-2: Strikes out swinging
Top of the 9th over - 1 run, 2 hits, 0 errors, 3 left on base; Las Vegas 3 - Chicago 5
Monday, April 8th , 2024 - OOTP Baseball 24.11 Build 85